 Dungeon Crawl Stone Soup version 0.30.0-5-g1a98f26d00 (webtiles) character file.

Game seed: 2155775128027279190

15 SnakkuSnakku7 the Sneak (level 2, 19/19 HPs)
             Began as a Vampire Hedge Wizard on May 12, 2023.
             Was a Follower of Okawaru.
             Safely got out of the dungeon.
             The game lasted 00:01:18 (365 turns).

SnakkuSnakku7 the Sneak (Vampire Hedge Wizard)       Turns: 365, Time: 00:01:18

Health: 19/19      AC:  3    Str:  9    XL:     2   Next: 34%
Magic:  6/6        EV: 11    Int: 16    God:    Okawaru [*.....]
Gold:   3          SH:  0    Dex: 13    Spells: 6/7 levels left

rFire   . . .        j - +0 short sword
rCold   . . .        (no shield)
rNeg    . . .        h - +0 leather armour
rPois   .            c - +0 hat
rElec   .            (no cloak)
rCorr   .            (no gloves)
SInv    +            (no boots)
Will    .....        (no amulet)
Stlth   ++           (no ring)
HPRegen 0.43/turn    (no ring)
MPRegen 0.10/turn

%: no passive effects
@: healing quickly
A: alive, fangs 3, see invisible, vampiric 1
a: Exsanguinate, Renounce Religion, Heroism


You escaped.
You worshipped Okawaru.
Okawaru was aware of your devotion.
You visited 1 branch of the dungeon, and saw 1 of its levels.

You collected 3 gold pieces.

Inventory:

Hand Weapons
 a - a +0 dagger
 j - a +0 short sword (weapon)
Armour
 b - a +0 robe
 c - a +0 hat (worn)
 h - a +0 leather armour (worn)
Jewellery
 i - a ring of ice
Scrolls
 e - a scroll of vulnerability {unknown}
 g - a scroll of identify {unknown}
Potions
 d - a potion of magic
 f - a potion of heal wounds {unknown}
 k - a potion of might {unknown}


   Skills:
 - Level 2.1 Dodging
 - Level 3.0 Stealth
 + Level 1.4 Unarmed Combat
 - Level 3.0 Spellcasting
 - Level 0.6 Conjurations
 + Level 1.8 Summonings
 - Level 0.7 Translocations


You had 6 spell levels left.
You knew the following spells:

 Your Spells              Type           Power      Damage    Failure   Level
a - Magic Dart            Conj           16%        1d3       21%         1

Your spell library contained the following spells:

 Spells                   Type           Power      Damage    Failure   Level
 Slow                     Hex            8%         N/A       26%         1
 Blink                    Tloc           8%         N/A       30%         2
 Cigotuvi's Dreadful Rot  Necr/Pois/Air  4%         N/A       36%         2
 Mephitic Cloud           Conj/Pois/Air  3%         N/A       58%         3
 Call Imp                 Summ           Unusable   N/A       N/A         2

Dungeon Overview and Level Annotations

Branches:
Dungeon (1/15)

Altars:
Okawaru

Shops:
D:1 *:


Innate Abilities, Weirdness & Mutations

Your natural rate of healing is accelerated.
You have razor-sharp teeth.
You have supernaturally acute eyesight. (SInv)
You are afflicted with vampirism.


Message History

You hit the jackal.
You kill the jackal!
Things that are here:
a jackal corpse; a jackal corpse The shining eye turns its gaze towards you.
The floating eye turns its gaze towards you.
You see here a +0 short sword.
j - a +0 short sword
j - a +0 short sword (weapon)
The eye of devastation turns its gaze towards you.
There is an entrance to Nioddori's Book Shop here.
You can access your shopping list by pressing '$'.
The shining eye pulsates ominously.
There is a faded altar of an unknown god here.
This altar belongs to (a) Ru, (b) Okawaru or (c) Nemelex Xobeh, but you can't tell which.
Press the corresponding letter to learn more about a god, or press enter to convert or escape to cancel.
Okawaru accepts your prayer! Okawaru welcomes you!
You can now gain great but temporary skills.
k - a clear potion A kobold comes into view.
It is wielding a +0 short sword.
A kobold is nearby!
A kobold is nearby!
A kobold is nearby!
The kobold shouts!
Found a robe.
You closely miss the kobold.
The kobold hits you with a +0 short sword.
You barely miss the kobold. You bite the kobold.
You kill the kobold!
Okawaru accepts your kill.
You see here a +0 short sword.
You see here a +0 robe.
Found a ring mail.
Found Yhibeb's Assorted Antiques.
There is an entrance to Yhibeb's Assorted Antiques here.
Things that are here:
a jackal corpse; a jackal corpse You see here a bat corpse.
There is a staircase leading out of the dungeon here.
Are you sure you want to leave the Dungeon?
This will make you lose the game!
You have escaped!

. .. #..............#
#.#### .#
#..............# #..†.#
..
#..#####.####..###.##.##
#..# #.# #..#........
#..# #.# #..##...###.
#..# #.# #..##.#.#G#.
#..#####.####..##.#.###.
#..##..........##.#.....
#..##..@.......##†#.....
#.........###..##.#.....
#.........# #..##.#.###.
#.........# #..##.#.#G#.
#..##.....# #..##.#.###.
#..####..## #..#..#.....
#..# #..# #..#.####.##
#..####..# #..#.# #.##
#........# #....# #.##


There were no monsters in sight!

Vanquished Creatures
  A dart slug (D:1)
  2 ball pythons (D:1)
  An endoplasm (D:1)
  2 giant cockroaches (D:1)
  3 jackals (D:1)
  A bat (D:1)
  A kobold (D:1)
11 creatures vanquished.

Notes
Turn   | Place    | Note
-------+----------+-------------------------------------------
     0 | D:1      | SnakkuSnakku7 the Vampire Hedge Wizard began the quest for
                  | the Orb.
     0 | D:1      | Reached XP level 1. HP: 13/13 MP: 4/4
    97 | D:1      | Reached skill level 1 in Unarmed Combat
   157 | D:1      | Noticed a floating eye
   159 | D:1      | Found a faded altar of an unknown god.
   161 | D:1      | Noticed a shining eye
   163 | D:1      | Reached XP level 2. HP: 19/19 MP: 6/6
   166 | D:1      | Noticed a floating eye
   166 | D:1      | Noticed an eye of devastation
   173 | D:1      | Found Nioddori's Book Shop.
   246 | D:1      | Prayed at the altar of an unknown god.
   246 | D:1      | Became a worshipper of Warmaster Okawaru
   246 | D:1      | Reached * piety under Okawaru
   307 | D:1      | Found Yhibeb's Assorted Antiques.
   365 | D:$      | Safely got out of the dungeon.

Illustrated notes

Levels and vault maps discovered:
D:1:      dpeg_arrival_boxes_within_box, layout_loops_ring, serial_shops, shop,
          shop, shop, hellmonk_ecumenical_altar_watching_god

Skill      XL: |  1 |
---------------+----+-----
Unarmed Combat | 1 |  1.4
Dodging        | |  2.1
Stealth        | |  3.0
Spellcasting   | |  3.0
Conjurations   | |  0.6
Summonings     | |  1.8
Translocations | |  0.7

Action                     || total
---------------------------++-------
  Melee: Dagger            ||    52
         Bite              ||     4
         Short sword       ||     2
   Stab: Sleeping          ||     4
 Armour: Robe              ||     6
         Leather armour    ||    14
  Dodge: Dodged            ||    38
